cohdb
Replays
Latest Replays
All Replays
Popular Replays
Top Player Replays
Match Explorer
How It Works
Community
CoH3 Stats
Reddit
Sign in to upload your games and track your stats! →
Sign in with Steam
Match 45371365
Unlisted
Match 45371365
Overview
Messages
Build Orders
End
Construct Section Command Post
Infantry Section
Infantry Section
Construct Platoon Command Post
Humber Armored Car
Humber Armored Car
Royal Engineer Section
Selects Heavy Armor Battlegroup
Selects Light Vehicle Withdraw and Refit
Selects Engineer Detachments
Infantry Section
Lord Protector Richard
Wheatley
Sayamander 🐉
tridentspear
Manstein
TEJAVA_Mint_Choco
云墨
士道的直肠好温暖
0
0
Comments
sign in to comment!
No comments posted yet!